 Dungeon Crawl Stone Soup version 0.28-a0-384-g9e0c098162 (webtiles) character file.

Game seed: 4992505125480951002

303 freelancePsychic the Caller (level 6, -10/32 HPs)
             Began as a Kobold Summoner on Sept 3, 2021.
             Mangled by a sixfirhy (11 damage)
             ... summoned by a kobold demonologist
             ... on level 4 of the Dungeon.
             The game lasted 00:09:15 (4869 turns).

freelancePsychic the Caller (Kobold Summoner)       Turns: 4869, Time: 00:09:15

Health: -10/32     AC:  6    Str:  5    XL:     6   Next: 66%
Magic:  14/18      EV: 15    Int: 19    God:
Gold:   187        SH:  0    Dex: 15    Spells: 5/9 levels left

rFire   . . .      SeeInvis .   b - +1 dagger
rCold   . . .      Faith    .   (shield restricted)
rNeg    . . .      Spirit   .   a - +0 robe
rPois   .          Reflect  .   e - +2 helmet
rElec   .          Harm     .   (no cloak)
rCorr   .          Rampage  .   r - +0 pair of gloves
Will    .....                   (no boots)
Stlth   ++++......              o - amulet of regeneration
HPRegen 1.10/turn               q - ring of magical power
MPRegen 0.16/turn               (no ring)

@: about to teleport
A: small, no large weapons, nightstalker 3
a: no special abilities


You were on level 4 of the Dungeon.
You visited 1 branch of the dungeon, and saw 5 of its levels.

You collected 187 gold pieces.

Inventory:

Hand Weapons
 b - a +1 dagger (weapon)
Armour
 a - a +0 robe (worn)
 d - a +2 buckler of reflection
 e - a +2 helmet (worn)
 r - a +0 pair of gloves (worn)
Jewellery
 o - an amulet of regeneration (around neck)
 q - a ring of magical power (left hand)
Wands
 k - a wand of charming (6)
Scrolls
 c - a scroll of amnesia
 h - a scroll of enchant armour
 p - a scroll of teleportation {@r4}
Potions
 f - a potion of haste {unknown}
 g - a potion of might {unknown}
 i - 2 potions of ambrosia {unknown}
 j - 2 potions of invisibility {unknown}
 l - 2 potions of flight
 m - 2 potions of curing {unknown}
 n - 2 potions of brilliance {unknown}


   Skills:
 - Level 2.4 Dodging
 - Level 4.8 Stealth
 + Level 2.5 Shields
 - Level 2.1 Spellcasting
 + Level 6.0 Summonings


You had 5 spell levels left.
You knew the following spells:

 Your Spells              Type           Power      Damage    Failure   Level
a - Summon Small Mammal   Summ           96%        N/A       1%          1
b - Call Canine Familiar  Summ           24%        N/A       4%          3

Your spell library contained the following spells:

 Spells                   Type           Power      Damage    Failure   Level
 Call Imp                 Summ           24%        N/A       2%          2
 Summon Guardian Golem    Hex/Summ       13%        N/A       14%         3
 Summon Lightning Spire   Summ/Air       13%        N/A       43%         4
 Inner Flame              Hex/Fire       2%         N/A       45%         3
 Cause Fear               Hex            1%         N/A       86%         4
 Discord                  Hex            1%         N/A       100%        8


Dungeon Overview and Level Annotations

Branches:
Dungeon (5/15)
 Temple: D:4-7

Altars:
Kikubaaqudgha
Okawaru

Annotations:
D:4 Grinder


Innate Abilities, Weirdness & Mutations

You are small and have problems with some larger weapons.
You are completely attuned to the shadows.


Message History

Level annotation: Grinder
There is a stone staircase leading down, spattered with blood here.
Casting: Call Canine Familiar (dangerous; 4% risk of failure)
Confirm with . or Enter, or press ? or * to list all spells.
The kobold demonologist casts a spell.
Casting: Call Canine Familiar (dangerous; 4% risk of failure)
Confirm with . or Enter, or press ? or * to list all spells.
Your hound bites the kobold demonologist but does no damage.
The quasit closely misses you. The quasit barely misses you.
The quasit completely misses you.
The kobold demonologist gestures wildly while chanting.
You miss the kobold demonologist.
The kobold demonologist is lightly wounded.
Your bat hits the iron imp but does no damage.
Your hound misses the kobold demonologist.
Your bat hits the iron imp but does no damage.
The quasit bites you but does no damage.
The quasit closely misses you.
The quasit claws you but does no damage.
The kobold demonologist gestures wildly while chanting.
Your bat barely misses the iron imp.
Your hound bites the kobold demonologist.
You hit the kobold demonologist but do no damage.
The kobold demonologist is lightly wounded.
Your bat hits the iron imp but does no damage.
The sixfirhy hits your hound! The sixfirhy shocks your hound!
Your hound dies!
Your hound's corpse disappears in a puff of smoke!
Your bat hits the iron imp but does no damage.
The quasit barely misses you. The quasit closely misses you.
The quasit barely misses you. The sixfirhy hits you! The sixfirhy shocks you!
* * * LOW HITPOINT WARNING * * *
The kobold demonologist gestures wildly while chanting.
As you read the scroll of teleportation {@r4}, it crumbles to dust.
You feel strangely unstable. The sixfirhy completely misses you.
The sixfirhy barely misses you.
Your bat closely misses the iron imp.
The sixfirhy hits you!
* * * LOW HITPOINT WARNING * * *
The sixfirhy shocks you!
You die...

#..#.......#...#........# #.###
######.$...#...#.#...##.#####.#
.##.....#........#....[....##.#
.##.....#......#.#..####.#.##.#
.....######....#.#.......#....###
....5....#####45.###.######......
#........######b5#........+......
#...........)..3K#.#.######......
#...####.#######@#.#.######......
#...# #.# #5#.#.............
#...# #.# #.#.###...........
#...####.# #.#...'.....).....
#........# #.#####...........
#........#######.####......#'####
#..............#.#..'......#.#
#................#.##......#.#
#.........#........##........#


You could see a rust devil (summoned), a kobold demonologist, a sixfirhy
(summoned), 2 iron imps, a quasit (summoned) and a friendly bat (summoned).

Vanquished Creatures
  A jelly (D:4)
  2 adders
  2 worms
  An orc (D:4)
  5 endoplasms
  A giant cockroach (D:1)
  7 goblins
  A hobgoblin (D:1)
  2 jackals (D:3)
  7 kobolds
  3 quokkas
  4 ball pythons
  4 bats
  3 frilled lizards
  24 rats
67 creatures vanquished.

Vanquished Creatures (collateral kills)
  A phantom (D:4)
  A water moccasin skeleton (D:5)
  A howler monkey (D:5)
  A worm (D:3)
  An orc (D:5)
  3 endoplasms
  2 goblins
  A hobgoblin (D:2)
  A jackal (D:3)
  3 kobolds
  A ball python (D:4)
  3 rats
19 creatures vanquished.

Grand Total: 86 creatures vanquished

Notes
Turn   | Place    | Note
-------+----------+-------------------------------------------
     0 | D:1      | freelancePsychic the Kobold Summoner began the quest for
                  | the Orb.
     0 | D:1      | Reached XP level 1. HP: 10/10 MP: 3/3
   515 | D:1      | Reached XP level 2. HP: 15/15 MP: 5/5
  1331 | D:1      | Found a faded altar of an unknown god.
  1380 | D:1      | Reached XP level 3. HP: 19/19 MP: 6/6
  1615 | D:2      | Learned a level 3 spell: Call Canine Familiar
  2068 | D:2      | Reached XP level 4. HP: 20/24 MP: 7/7
  2358 | D:2      | Found an ancient bone altar of Kikubaaqudgha.
  2527 | D:3      | Noticed a sky beast
  2901 | D:3      | Identified a scroll of acquirement
  2901 | D:3      | Acquired a +2 buckler of reflection
  2935 | D:3      | Reached skill level 5 in Summonings
  3179 | D:3      | Found an iron altar of Okawaru.
  3244 | D:4      | Reached XP level 5. HP: 28/28 MP: 8/8
  3312 | D:4      | Noticed a phantom
  3331 | D:4      | Noticed Grinder
  3340 | D:4      | Reached skill level 1 in Shields
  3799 | D:5      | Entered Level 5 of the Dungeon
  3799 | D:5      | Noticed a kobold demonologist
  3799 | D:5      | Noticed a kobold brigand
  3889 | D:4      | Killed a phantom
  3890 | D:4      | Reached XP level 6. HP: 14/32 MP: 4/9
  4765 | D:5      | Reached skill level 6 in Summonings
  4864 | D:5      | Noticed a ynoxinul
  4868 | D:4      | Noticed a sixfirhy
  4869 | D:4      | Noticed a rust devil
  4869 | D:4      | HP: 1/32 [sixfirhy[a kobold demonologist] (9)]
  4869 | D:4      | Mangled by a sixfirhy

Illustrated notes

Levels and vault maps discovered:
D:1:      dpeg_arrival_arbitrary_a, layout_rooms,
          shapermc_ecumenical_altar_mp_ritualfount, minmay_ruptured
D:2:      layout_rooms, basic_altar, minmay_rat_hole
D:3:      layout_basic, lemuel_crystal_altar
D:4:      layout_basic, hangedman_decor_push, uniq_grinder
D:5:      layout_basic

Skill      XL: |  1  2  3  4  5  6 |
---------------+-------------------+-----
Stealth        | 3 4 |  4.8
Summonings     | 5 6 |  6.0
Shields        | 2 |  2.5
Dodging        | |  2.4
Spellcasting   | |  2.1

Action                   |  1- 3 |  4- 6 || total
-------------------------+-------+-------++-------
Melee: Unarmed           |    10 |       ||    10
       Dagger            |    83 |   218 ||   301
 Cast: Summon Small Mamm |    14 |     8 ||    22
       Call Canine Famil |     1 |    12 ||    13
  Use: Scroll            |     1 |    10 ||    11
 Stab: Sleeping          |    14 |    19 ||    33
       Distracted        |     1 |     1 ||     2
Armor: Robe              |    14 |    56 ||    70
Dodge: Dodged            |    65 |   240 ||   305
Block: Buckler           |       |     3 ||     3

Table legend: (Time is in decaauts)
 A = Elapsed time spent in this place.
 B = Non-inter-level travel time spent in this place.
 C = Inter-level travel time spent in this place.
 D = Time resting spent in this place.
 E = Time spent auto-exploring this place.
 F = Levels seen in this place.
 G = Mean time per level.
                   A        B        C        D        E       F      G
               +--------+--------+--------+--------+--------+-----+--------+
         Total |   4871 |   4647 |    224 |    381 |   3320 |   5 |  974.2 |
       Dungeon |   4871 |   4647 |    224 |    381 |   3320 |   5 |  974.2 |
               +--------+--------+--------+--------+--------+-----+--------+

Top non-repeatable levels by time:
     D:1: 1584 daAuts
     D:4: 1453 daAuts
     D:2: 1043 daAuts
     D:3: 611 daAuts
     D:5: 179 daAuts
